 Dungeon Crawl Stone Soup version 0.21.1-1-g345015f (webtiles) character file.

132 Hebeh the Chopper (level 4, -3/42 HPs)
             Began as a Deep Dwarf Fighter on June 17, 2018.
             Killed by divine providence
             ... invoked by an orc priest
              (10 damage)
             ... on level 2 of the Dungeon.
             The game lasted 00:03:28 (1029 turns).

Hebeh the Chopper (Deep Dwarf Fighter)              Turns: 1029, Time: 00:03:29

Health: -3/42      AC:  7    Str: 20    XL:     4   Next: 92%
Magic:  4/4        EV:  7    Int:  9    God:
Gold:   154        SH:  9    Dex: 12    Spells: 3/3 levels left

rFire    . . .     SeeInvis .   a - +0 war axe
rCold    . . .     Gourm    .   c - +0 shield
rNeg     . . .     Faith    .   b - +0 scale mail
rPois    .         Spirit   .   (no helmet)
rElec    .         Reflect  .   (no cloak)
rCorr    .         Harm     .   (no gloves)
MR       .....                  (no boots)
Stlth    ..........             h - amulet of rage
HPRegen  0.00/turn              (no ring)
MPRegen  0.09/turn              (no ring)

@: lethally poisoned (-3 -> -3), non-regenerating
A: damage resistance, heal wounds, sense surroundings 1, no regeneration
a: Heal Wounds, Evoke Berserk Rage


You were on level 2 of the Dungeon.
You were hungry.

You visited 1 branch of the dungeon, and saw 2 of its levels.

You collected 154 gold pieces.

Inventory:

Hand Weapons
 a - a +0 war axe (weapon)
Armour
 b - a +0 scale mail (worn)
 c - a +0 shield (worn)
Jewellery
 h - an amulet of rage (around neck)
Scrolls
 g - a scroll of amnesia {unknown}
 i - 2 scrolls of fear {unknown}
 k - a scroll of immolation {unknown}
 n - a scroll of magic mapping {unknown}
 o - a scroll of enchant weapon {unknown}
 p - 2 scrolls of identify {unknown}
Potions
 d - a potion of might
 e - 2 potions of curing {unknown}
 l - a potion of degeneration {unknown}
 m - a potion of agility {unknown}
 q - a potion of magic {unknown}
Comestibles
 f - 4 rations
 j - 3 chunks of flesh


   Skills:
 + Level 3.1 Fighting
 + Level 4.2 Axes
 + Level 3.8 Armour
 + Level 0.4 Dodging
 + Level 4.1 Shields


You had 3 spell levels left.
You didn't know any spells.

Dungeon Overview and Level Annotations

Branches:
Dungeon (2/15)

Altars:


Innate Abilities, Weirdness & Mutations

You are resistant to damage.
You can heal yourself by infusing magical energy.
You passively map a small area around you.
You do not regenerate.


Message History

The orc wizard hits you with a dagger of venom.
You are more poisoned.
You closely miss the orc wizard.
The orc wizard is heavily wounded.
You feel sick. You block the orc wizard's attack.
You slash the orc wizard!
You kill the orc wizard!
Your Axes skill increases to level 4!
You feel sick.
Things that are here:
a dagger of venom; a robe; a morningstar The orc priest barely misses you.
You barely miss the orc priest. The orc priest hits you with a war axe!
* * * LOW HITPOINT WARNING * * *
Some of the chunks of flesh in your inventory have rotted away.
You slash the orc priest!
The orc priest is almost dead.
The orc priest calls down the wrath of Beogh upon you.
Beogh smites you!
You die...

#.# #.........#
#.#.#...# #.#
#..........##.#.#...# *
#..........o#.#.#...#
#..........o#...#....
#.......o..$#...#.#.# *
#.....o....*#.#.#...#
#.....o.o.###.#.#####
,* #.)#########..#.. ,,
#..o@.)).....##### * ,
*#......))#.......... *
,
....#######.#.########.
* ..... , #.#.# , ,* *
...... #.#.# * * ....[.
* * *#.#.# * .#.###
....., #. #[#.# * , , *


You could see an orc priest.

Vanquished Creatures
  An orc priest (D:2)
  An orc wizard (D:2)
  2 adders (D:2)
  An ooze (D:1)
  A dart slug (D:2)
  4 orcs (D:2)
  9 bats
  3 giant cockroaches (D:1)
  2 hobgoblins
  3 jackals (D:2)
  4 frilled lizards
  6 goblins
  8 kobolds
  6 rats
51 creatures vanquished.

Notes
Turn   | Place    | Note
-------+----------+-------------------------------------------
     0 | D:1      | Hebeh the Deep Dwarf Fighter began the quest for the Orb.
     0 | D:1      | Reached XP level 1. HP: 20/20 MP: 1/1
   208 | D:1      | Reached XP level 2. HP: 22/27 MP: 2/2
   704 | D:2      | Reached XP level 3. HP: 27/34 MP: 3/3
   973 | D:2      | Reached XP level 4. HP: 30/42 MP: 4/4
  1029 | D:2      | Killed from afar by an orc priest

Skill      XL: |  1  2  3  4 |
---------------+-------------+-----
Fighting       | 3 |  3.1
Axes           | 3 4 |  4.2
Shields        | 4 |  4.1
Armour         | |  3.8
Dodging        | |  0.4

Action                   |  1- 3 |  4- 6 || total
-------------------------+-------+-------++-------
Melee: War axe           |    91 |    17 ||   108
 Abil: Heal Wounds       |       |     1 ||     1
Armor: Scale mail        |    43 |     1 ||    44
Dodge: Dodged            |    37 |     4 ||    41
Block: Shield            |    71 |    10 ||    81
